 Dungeon Crawl Stone Soup version 0.21.1-1-g345015f (webtiles) character file.

496090 microfolk the Impregnable (level 23, 0/218 HPs)
             Began as a Minotaur Abyssal Knight on May 30, 2018.
             Was an Elder of Lugonu.
             Splashed by a brown very ugly thing's acid (9 damage)
             ... on level 4 of the Depths.
             The game lasted 03:34:05 (79680 turns).

microfolk the Impregnable (MiAK)                   Turns: 79680, Time: 03:34:06

Health: 0/218      AC: 32    Str: 22    XL:     23   Next: 96%
Magic:  0/40       EV: 26    Int:  9    God:    Lugonu [****..]
Gold:   3409       SH:  0    Dex: 17    Spells: 14/22 levels left

rFire    . . .     SeeInvis +   a - +9 triple sword (protect)
rCold    . . .     Gourm    .   (shield currently unavailable)
rNeg     . . .     Faith    .   o - +3 storm dragon scales {Bai Suzhen}
rPois    +         Spirit   +   (helmet restricted)
rElec    +         Reflect  .   i - scarf {Spirit}
rCorr    .         Harm     .   J - +0 pair of gloves
MR       ++...                  g - +2 pair of boots of the Assassin {Detection Stab+ Stlth++}
Stlth    ..........             N - amulet of regeneration
HPRegen  0.86/turn              U - ring of Xom's Best Wishes {+Blink EV+5 Str-4 Dex+4 SInv}
MPRegen  0.27/turn              K - ring "Miafinliso" {rPois MP+9 Dex+4 Stlth-}

@: about to teleport, corroded, protection aura
A: retaliatory headbutt, horns 2, clumsy 1, magic resistance 1, subdued magic 1
}: 2/15 runes: serpentine, barnacled
a: Depart the Abyss, Bend Space, Banish, Corrupt, Renounce Religion, Evoke Blink


You were on level 4 of the Depths.
You worshipped Lugonu.
Lugonu was greatly pleased with you.
You were not hungry.

You visited 10 branches of the dungeon, and saw 43 of its levels.
You visited the Abyss 6 times.
You visited 1 bazaar.
You also visited: Ice Cave.

You collected 5866 gold pieces.
You spent 2457 gold pieces at shops.

Inventory:

Hand Weapons
 a - a +9 triple sword of protection (weapon)
 b - a +9 longbow of freezing
Missiles
 q - 812 arrows
 I - 19 large rocks
 L - 4 throwing nets (quivered)
Armour
 g - the +2 pair of boots of the Assassin (worn) {Detection Stab+ Stlth++}
   (You acquired it on level 4 of the Depths)

   It makes you much more stealthy.
 i - a scarf of spirit shield (worn)
 o - +3 storm dragon scales (worn) {Bai Suzhen}
 B - the +3 hat of Pondering {ponderous, MR+ MP+10 Int+5}
   (You took it off Gastronok on level 12 of the Dungeon)

   It affects your intelligence (+5).
   It affects your resistance to hostile enchantments.
   It affects your magic capacity (+10).
 J - a +0 pair of gloves (worn)
 W - the +8 orange crystal plate armour {Archmagi, Int+3 Clar}
   (You took it off a merfolk on level 4 of the Shoals)

   It affects your intelligence (+3).
   It protects you against confusion.
Jewellery
 s - an uncursed ring of protection from magic
 C - the ring "Olibit" {*Slow rN+++ MP+9 Dex+2 Stlth+}
   (You took it off a frost giant on level 2 of the Depths)

   [ring of dexterity]

   It affects your dexterity (+2).
   It renders you almost immune to negative energy.
   It affects your magic capacity (+9).
   It may slow you when you take damage.
   It makes you more stealthy.
 K - the ring "Miafinliso" (right hand) {rPois MP+9 Dex+4 Stlth-}
   (You found it on level 3 of the Elven Halls)

   [ring of magical power]

   It affects your dexterity (+4).
   It protects you from poison.
   It affects your magic capacity (+9).
   It makes you less stealthy.
 N - an amulet of regeneration (around neck)
 U - the ring of Xom's Best Wishes (left hand) {+Blink EV+5 Str-4 Dex+4 SInv}
   (You found it on level 6 of the Lair of Beasts)

   [ring of evasion]

   It affects your evasion (+5).
   It affects your strength (-4).
   It affects your dexterity (+4).
   It lets you see invisible.
   It lets you blink.
 Y - the ring of Cehogido {rC+ Int+7 Dex-2 Stlth-}
   (You found it on level 4 of the Shoals)

   [ring of loudness]

   It affects your intelligence (+7).
   It affects your dexterity (-2).
   It protects you from cold.
   It makes you less stealthy.
Wands
 p - a wand of digging (36)
 w - a wand of acid (27)
 E - a wand of iceblast (27)
 T - a wand of clouds (14)
Scrolls
 d - 6 scrolls of fear
 e - 5 scrolls of teleportation
 h - 7 scrolls of immolation
 j - 8 scrolls of blinking
 n - 9 scrolls of enchant armour
 r - 7 scrolls of fog
 y - 27 scrolls of remove curse {@r2}
 D - 3 scrolls of summoning
 G - 13 scrolls of identify {@r1}
 H - 2 scrolls of silence
 V - 8 scrolls of magic mapping
Potions
 f - 3 potions of agility
 l - a potion of cancellation
 m - 7 potions of haste
 v - 4 potions of flight
 x - 8 potions of curing {@q1}
 z - 7 potions of heal wounds {@q2}
 A - 5 potions of berserk rage
 F - 4 potions of mutation
 Q - 2 potions of might
 R - 4 potions of magic
 S - 2 potions of invisibility
 Z - 7 potions of lignification
Miscellaneous
 O - a fan of gales
 X - a phantom mirror
Comestibles
 c - 52 rations
 k - 4 chunks of flesh


   Skills:
 - Level 20.8 Fighting
 * Level 20.1 Long Blades
 - Level 20.0 Bows
 - Level 23.3 Armour
 - Level 20.0 Dodging
 - Level 12.2 Invocations


You had 14 spell levels left.
You knew the following spells:

 Your Spells              Type           Power        Failure   Level  Hunger
a - Statue Form           Tmut/Erth      #........    100%        6    #######
b - Apportation           Tloc           #.....       73%         1    ##.....
c - Summon Butterflies    Summ           #.......     73%         1    ##.....


Dungeon Overview and Level Annotations

Branches:
Dungeon (15/15)            Temple (1/1) D:6            Lair (6/6) D:8
 Shoals (4/4) Lair:2        Snake (4/4) Lair:4        Slime (0/5) Lair:5
    Orc (2/2) D:10            Elf (3/3) Orc:2        Vaults (3/5) D:14
  Crypt (1/3) Vaults:2     Depths (4/5) D:15

Altars:
Ashenzari
Dithmenos
Fedhas
Kikubaaqudgha
Okawaru
Trog
Uskayaw
Vehumet
Yredelemnul
Zin
Beogh
Jiyva
Lugonu

Shops:
D:6 %   D:10 (   Orc:2 :(}!   Elf:1 }   Elf:2 [   Shoals:2 [   Snake:3 *
Vaults:3 }

Portals:
Hell: Depths:1 Depths:2 Depths:3 Depths:4
Abyss: Depths:2
Pandemonium: Depths:2 Depths:3
Ziggurat: Depths:2
Trove: D:14 (give 13 potions of heal wounds)

Annotations:
D:2 exclusion: downstairs
D:3 1 runed door, Tiareth's ghost, amateur DEWz
D:5 exclusion: downstairs
D:11 exclusion: downstairs
Lair:1 exclusion: oklob plant
Shoals:3 exclusion: downstairs
Snake:4 corrupted
Orc:2 corrupted
Elf:3 corrupted
Vaults:3 Mennas
Depths:3 1 runed door, Jory


Innate Abilities, Weirdness & Mutations

You reflexively headbutt those who attack you in melee.
You have a pair of horns on your head.
You are clumsy. (Dex -2)
You are resistant to hostile enchantments. (MR+)
Your spells are a little easier to cast, but a little less powerful.


Message History

You furiously retaliate!
You headbutt the brown very ugly thing, but do no damage.
The spark wasp simulacrum misses you.
You riposte.
You closely miss the spark wasp simulacrum.
You headbutt the spark wasp simulacrum.
The spark wasp simulacrum is almost destroyed.
Some of the chunks of flesh in your inventory have rotted away.
You feel much better.
The spriggan defender hits you with a demon whip of freezing!
* * * LOW HITPOINT WARNING * * *
The spriggan defender freezes you.
* * * LOW HITPOINT WARNING * * *
The spark wasp simulacrum hits you.
* * * LOW HITPOINT WARNING * * *
The spark wasp simulacrum freezes you!!
* * * LOW HITPOINT WARNING * * *
The brown very ugly thing bites you!
* * * LOW HITPOINT WARNING * * *
You are splashed with acid!
The acid burns!
You die...

#.## ≈§#
#.# ≈§#
##.# #
#.#
##..' .#
##.###§§
##...#..
≈≈.≈≈≈§§
#....#.
##.#####
....'
#.#
##'.C.
#.#
#§##Z#
#)# ###
##{{#@#
#)##..##


#Euuui# ##......## #.DuZp# #.i..D...##..EuD## { ..#...8V.##D.D.C# {
#.##.{Ci.'4##...# {D# #{cC##.§##..#{ c## ##'#. #'## C# .4. ..# You could see a
storm dragon, 2 frost giants, 4 very ugly things, 2 fire dragons, an ice dragon,
a spriggan defender, a purple ugly thing, a necromancer (invisible), 2 air
elementals, a chaos spawn, a spark wasp simulacrum and a frost giant skeleton.

Vanquished Creatures
  2 ancient liches
  A juggernaut (Depths:2)
  Sojobo (Vaults:2)
  Frederick (Vaults:3)
  Bai Suzhen (Shoals:3)
  Xtahua (Vaults:3)
  Saint Roka (Depths:2)
  Margery (Vaults:3)
  A caustic shrike (Depths:4)
  Nikola (Shoals:2)
  A bone dragon (Abyss:3)
  3 tentacled monstrosities
  Jorgrun (Depths:3)
  The ghost of Zeloya the Markscentaur, an adept CeHu of Okawaru (Depths:2)
  Rupert (D:12)
  Asterion (Depths:2)
  Gastronok (D:12)
  Frances (Elf:1)
  Polyphemus (Shoals:2)
  2 sphinxes (Depths:3)
  3 krakens
  A quicksilver dragon (Depths:3)
  2 Executioners
  8 tentacled starspawn
  2 draconian monks
  4 tengu reavers
  2 storm dragons (Depths:2)
  Ilsuiw (Shoals:4)
  A revenant (Vaults:2)
  Donald (Shoals:2)
  Kirke (Snake:1)
  A shadow dragon (Depths:4)
  5 fire giants
  5 nagarajas (Snake:4)
  Roxanne (Shoals:3)
  2 frost giants (Depths:2)
  A deep elf sorcerer (Elf:1)
  7 vault wardens
  An orc warlord (D:13)
  Aizul (Snake:1)
  Louise (Elf:2)
  A caustic shrike zombie (Depths:4)
  2 emperor scorpions (Abyss:3)
  A reaper (Abyss:3)
  A deep elf elementalist (Abyss:3)
  A ghoul (Vaults:2)
  13 stone giants
  2 spriggan defenders (Depths:4)
  8 ironheart preservers
  12 very ugly things
  An entropy weaver (Vaults:3)
  4 vampire knights (Depths:4)
  A black draconian (Abyss:1)
  Nessos (D:13)
  A lorocyproca (Abyss:2)
  A deep elf annihilator (Vaults:3)
  10 spark wasps
  5 deep elf demonologists
  3 deep elf death magi
  4 ettins
  6 merfolk javelineers
  A crystal guardian (Vaults:3)
  A minotaur (Shoals:1)
  7 merfolk impalers
  5 rakshasas
  Josephine (Snake:1)
  7 great orbs of eyes
  7 fire dragons
  12 ogre magi
  6 yaktaur captains
  Harold (Abyss:1)
  11 vault guards
  Fannar (Lair:3)
  6 ice dragons
  7 naga warriors
  6 spriggan air magi
  A catoblepas (Shoals:2)
  7 centaur warriors
  25 two-headed ogres
  4 deep troll earth magi
  10 anacondas
  6 deep troll shamans
  6 satyrs
  6 hell hogs
  9 death yaks
  3 merfolk avatars
  6 merfolk aquamancers
  2 orc high priests
  24 dancing weapons
  A death scarab (Abyss:3)
  Maurice (D:12)
  10 spriggan berserkers
  A tengu warrior (Depths:4)
  Urug (Lair:3)
  4 vampire magi
  A titan zombie (Abyss:3)
  3 naga sharpshooters
  10 thrashing horrors
  7 deep elf knights
  6 wretched stars
  3 iron trolls (Depths:1)
  A sixfirhy (Abyss:1)
  6 hell knights
  A fire crab (shapeshifter) (Depths:4)
  10 skeletal warriors
  A shadow wraith (Vaults:2)
  3 spatial maelstroms
  2 salamander mystics
  3 flayed ghosts (Depths:4)
  A storm dragon skeleton (Depths:4)
  9 sea snakes
  5 wizards
  A sea snake (shapeshifter) (Vaults:2)
  3 glowing orange brains
  4 unseen horrors
  7 naga ritualists
  22 deep trolls
  2 deep elf archers (Elf:3)
  A swamp dragon (shapeshifter) (Depths:2)
  A shadow dragon zombie (Depths:4)
  10 harpies
  13 ironbrand convokers
  A sphinx zombie (Depths:3)
  9 orc knights
  2 tengu zombies
  4 necromancers
  3 orc sorcerers
  A faun (shapeshifter) (Depths:2)
  9 salamanders
  12 mana vipers
  3 wolf spiders
  A wolf spider zombie (D:14)
  26 fauns
  38 ugly things
  9 manticores
  4 worldbinders
  27 slime creatures
  40 deep elf magi
  6 cyclopes
  30 elephants
  2 frost giant skeletons
  3 guardian serpents (shapeshifter)
  A stone giant skeleton (Vaults:2)
  An apocalypse crab (Abyss:3)
  A fire giant skeleton (Vaults:2)
  4 water nymphs
  12 merfolk sirens
  5 naga magi
  6 guardian serpents
  5 centaur zombies
  14 smoke demons
  12 vault sentinels
  11 spiny frogs
  37 black mambas
  Joseph (D:12)
  4 centaur skeletons
  An ice statue (D:9)
  An orange demon (Abyss:2)
  A hellion (Abyss:2)
  2 kobold demonologists (Abyss:3)
  3 rime drakes
  23 yaktaurs
  2 tormentors
  An efreet (Abyss:3)
  2 freezing wraiths
  A komodo dragon (shapeshifter) (Depths:1)
  6 komodo dragons
  A redback zombie (D:14)
  A spriggan zombie (Depths:3)
  2 demonic crawlers (Abyss:3)
  An ice devil (Abyss:2)
  A queen bee (shapeshifter) (Abyss:1)
  A guardian mummy (D:14)
  14 ancient zymes
  2 jumping spiders (shapeshifter)
  2 trolls
  A tengu conjurer (Depths:1)
  4 hellwings
  A troll (shapeshifter) (Depths:3)
  3 meliai (Shoals:1)
  27 merfolk
  7 hornets
  20 polar bears
  6 wind drakes
  18 hippogriffs
  40 blink frogs
  15 snapping turtles
  22 raiju
  2 ettin zombies
  8 dream sheep
  A vampire (D:12)
  7 air elementals
  A redback (shapeshifter) (D:14)
  A spriggan (shapeshifter) (Vaults:2)
  11 water elementals
  2 redbacks
  A spriggan (Depths:4)
  A shadow (Vaults:2)
  7 wyverns
  A centaur simulacrum (D:14)
  7 ynoxinuls
  A human (D:6)
  An ettin skeleton (Abyss:3)
  43 yaks
  A tarantella (Vaults:3)
  11 wraiths
  2 fire elementals (Elf:1)
  A yak (shapeshifter) (Elf:2)
  A golden eye (shapeshifter) (Depths:3)
  9 hogs
  4 fire bats (Lair:4)
  2 golden eyes
  7 basilisks
  29 small abominations
  5 hungry ghosts
  6 neqoxecs
  3 steam dragons (D:7)
  23 large abominations
  9 chaos spawn
  13 vampire mosquitoes
  A hog (shapeshifter) (Abyss:3)
  5 insubstantial wisps (Abyss:3)
  A soldier ant (D:13)
  A spatial vortex (Abyss:2)
  A naga (shapeshifter) (D:13)
  26 wargs
  A deep troll zombie (Vaults:3)
  40 nagas
  5 acid dragons
  24 water moccasins
  A deep troll skeleton (Vaults:3)
  28 hell hounds
  2 floating eyes
  9 porcupines
  14 ice beasts
  A human skeleton (Depths:3)
  27 orc warriors
  5 sky beasts
  13 black bears
  A black bear (shapeshifter) (Vaults:2)
  3 eyes of draining
  4 phantoms
  66 wolves
  28 ogres
  42 starcursed masses
  18 boggarts
  20 centaurs
  7 crocodiles
  An elf simulacrum (Vaults:1)
  3 big kobolds
  A big kobold (shapeshifter) (Depths:3)
  24 bullfrogs
  4 earth elementals
  A glowing shapeshifter simulacrum (Depths:4)
  A gnoll sergeant (D:11)
  3 scorpions
  An orc simulacrum (Vaults:1)
  10 killer bees
  6 wights
  An electric eel (Lair:4)
  6 howler monkeys
  A lava snake (Lair:4)
  8 crimson imps
  7 quasits
  A human simulacrum (Vaults:2)
  8 hounds
  8 jellies
  3 bullfrog zombies
  16 orc priests
  23 orc wizards
  4 bullfrog skeletons
  11 iron imps
  Jessica (D:2)
  8 iguanas
  23 worker ants
  A hound skeleton (D:9)
  A worker ant zombie (D:11)
  Robin (D:1)
  6 gnolls
  13 adders
  8 shadow imps
  16 white imps
  8 ufetubi
  7 oozes
  An adder zombie (D:9)
  2 adder skeletons
  A worm (shapeshifter) (Depths:3)
  A worm (D:3)
  A dart slug (D:3)
  5 leopard geckos
  93 orcs
  4 giant cockroaches
  19 goblins
  11 hobgoblins
  6 jackals
  3 quokkas
  4 ball pythons
  7 bats
  6 frilled lizards
  17 kobolds
  2 leopard gecko zombies
  A quokka skeleton (D:5)
  12 rats
  A lurking horror (Abyss:2)
  2 plants
  3 starspawn tentacles
  7 tentacles
2140 creatures vanquished.

Vanquished Creatures (collateral kills)
  A vault warden (Vaults:3)
  An orc knight (D:12)
2 creatures vanquished.

Vanquished Creatures (others)
  3 caustic shrikes
  2 deep elf master archers (Elf:3)
  2 deep elf blademasters (Elf:3)
  A shadow dragon (Depths:4)
  A storm dragon (Depths:4)
  A nagaraja (Snake:4)
  2 deep elf sorcerers (Elf:3)
  2 deep elf elementalists (Elf:3)
  A very ugly thing (Depths:4)
  2 vampire knights (Depths:4)
  4 deep elf demonologists (Elf:3)
  4 deep elf annihilators (Elf:3)
  A merfolk impaler (Shoals:3)
  5 deep elf death magi (Elf:3)
  5 deep elf high priests (Elf:3)
  A vault guard (Vaults:2)
  3 naga warriors (Snake:4)
  6 hydras
  An alligator snapping turtle (Shoals:2)
  An anaconda (Snake:2)
  2 satyrs (Shoals:4)
  An ogre mage (Orc:2)
  A death yak (IceCv)
  4 naga sharpshooters (Snake:4)
  10 shock serpents
  A deep elf knight (Elf:2)
  3 skeletal warriors (Depths:4)
  7 orc sorcerers (Orc:2)
  A golden dragon skeleton (Depths:4)
  A deep elf mage (Elf:3)
  A wolf spider (Lair:6)
  An ugly thing (Depths:4)
  A salamander (Depths:4)
  2 merfolk sirens
  2 black mambas (Lair:6)
  An apocalypse crab (Abyss:1)
  2 naga magi (Snake:4)
  An orange demon (Abyss:1)
  A water nymph (Shoals:4)
  A komodo dragon (D:11)
  3 polar bears (IceCv)
  A blink frog (Abyss:1)
  7 raiju
  A redback (Lair:6)
  A fire elemental (Elf:3)
  A yak (IceCv)
  11 nagas (Snake:4)
  A hell hound (Depths:3)
  2 boggarts
  A wolf (IceCv)
  An earth elemental (Elf:3)
  An orc priest (D:13)
  12 orc wizards (Orc:2)
  A white imp (Abyss:3)
  4 orcs (Orc:2)
  A hobgoblin (D:2)
  2 bushes (Lair:6)
  47 fungi
  A lurking horror (Abyss:2)
  102 plants
  58 starspawn tentacles
  12 tentacles
363 creatures vanquished.

Grand Total: 2505 creatures vanquished

Notes
Turn   | Place    | Note
-------+----------+-------------------------------------------
     0 | Abyss:1  | microfolk the Minotaur Abyssal Knight began the quest for the Orb.
     0 | Abyss:1  | Reached XP level 1. HP: 19/19 MP: 1/1
   157 | D:1      | Escaped the Abyss
   162 | D:1      | Found a runed door.
   166 | D:1      | Noticed a jelly
   271 | D:1      | Reached * piety under Lugonu
   311 | D:1      | Reached XP level 2. HP: 26/27 MP: 2/2
  1382 | D:2      | Noticed Jessica
  1428 | D:2      | Killed Jessica
  1428 | D:2      | Reached skill level 3 in Armour
  1428 | D:2      | Reached XP level 3. HP: 8/33 MP: 3/3
  1879 | D:2      | Noticed Robin
  1897 | D:2      | Reached XP level 4. HP: 35/40 MP: 4/4
  1916 | D:1      | Killed Robin
  2378 | D:2      | Reached ** piety under Lugonu
  2832 | D:3      | Noticed Tiareth's ghost (amateur DEWz)
  3126 | D:3      | Reached XP level 5. HP: 47/47 MP: 6/6
  3518 | D:3      | Found a runed door.
  3803 | D:4      | Noticed an ogre
  3990 | D:1      | Reached *** piety under Lugonu
  4111 | D:4      | Reached skill level 5 in Long Blades
  4111 | D:4      | Reached skill level 4 in Armour
  4111 | D:4      | Reached XP level 6. HP: 16/55 MP: 7/7
  4918 | D:4      | Reached skill level 5 in Fighting
  5273 | D:5      | Entered Level 5 of the Dungeon
  5615 | D:5      | Found a blossoming altar of Fedhas.
  5712 | D:5      | Reached XP level 7. HP: 60/61 MP: 8/8
  6030 | D:5      | Found a glowing silver altar of Zin.
  6143 | D:6      | Noticed a wyvern
  6286 | D:6      | Reached skill level 5 in Armour
  6356 | D:6      | Killed a wyvern
  6699 | D:6      | Found Zomainim's Food Boutique.
  6776 | D:6      | Found a staircase to the Ecumenical Temple.
  6829 | D:6      | Reached XP level 8. HP: 68/70 MP: 10/10
  6859 | Temple   | Entered the Ecumenical Temple
  7280 | D:7      | Reached **** piety under Lugonu
  7317 | D:7      | Reached skill level 6 in Armour
  7413 | D:7      | Reached skill level 5 in Invocations
  7539 | D:7      | Found a basalt altar of Yredelemnul.
  7625 | D:7      | Reached XP level 9. HP: 70/79 MP: 12/12
  7980 | D:7      | Reached skill level 7 in Armour
  8233 | D:7      | Reached skill level 10 in Long Blades
  8575 | D:7      | Found a basalt altar of Yredelemnul.
  8823 | D:8      | Found a staircase to the Lair.
  9445 | D:8      | Reached skill level 8 in Armour
  9627 | D:8      | Identified the +5 trident of Beyond {pierce, Str+4 Dex+2} (You found it on level 8 of the Dungeon)
 10128 | D:9      | Reached XP level 10. HP: 76/90 MP: 11/13
 10461 | D:9      | Found an ancient bone altar of Kikubaaqudgha.
 10529 | D:9      | Noticed a two-headed ogre
 10542 | D:9      | Killed a two-headed ogre
 10755 | D:9      | Found a shadowy altar of Dithmenos.
 10819 | D:9      | Noticed an ice statue
 11611 | D:10     | Entered Level 10 of the Dungeon
 11740 | D:10     | Reached skill level 9 in Armour
 11808 | D:10     | Reached ***** piety under Lugonu
 11829 | D:10     | Found a staircase to the Orcish Mines.
 11829 | D:10     | Found Cunt's Weapon Shop.
 12766 | Lair:1   | Entered Level 1 of the Lair of Beasts
 12884 | Lair:1   | Noticed a spiny frog
 13053 | D:11     | Reached XP level 11. HP: 89/99 MP: 13/15
 13207 | D:11     | Reached skill level 10 in Fighting
 13235 | D:11     | Found the +2 robe of Vines {NoPotionHeal Regen+7}
 13237 | D:11     | Noticed a seven-headed hydra
 13239 | D:11     | Banished a seven-headed hydra
 13794 | D:11     | Reached skill level 10 in Armour
 14077 | D:12     | Noticed a wizard
 14077 | D:12     | Noticed an orc knight
 14077 | D:12     | Noticed an enchanted double sword
 14077 | D:12     | Noticed an orc knight
 14077 | D:12     | Noticed Harold
 14077 | D:12     | Noticed Joseph
 16172 | Lair:1   | Noticed an oklob plant
 16362 | Lair:2   | Reached XP level 12. HP: 67/110 MP: 16/17
 16945 | Lair:2   | Reached skill level 5 in Dodging
 17336 | Lair:2   | Found a staircase to the Shoals.
 18251 | Lair:3   | Noticed Urug
 18285 | Lair:3   | Killed Urug
 18285 | Lair:3   | Reached skill level 10 in Invocations
 18724 | Lair:3   | Reached ****** piety under Lugonu
 19088 | Lair:3   | Noticed Fannar
 19128 | Lair:3   | Killed Fannar
 19350 | Lair:4   | Found a frozen archway.
 19412 | IceCv    | Entered an ice cave
 19739 | IceCv    | Noticed a death yak
 19756 | IceCv    | Killed a death yak
 19898 | IceCv    | Reached XP level 13. HP: 117/122 MP: 20/20
 20102 | IceCv    | Noticed a frost giant
 20131 | IceCv    | Banished a frost giant
 20936 | Lair:4   | Found a staircase to the Snake Pit.
 21388 | Lair:4   | Identified the +2 robe "Orrac" {*Slow Regen+ Str-5 SInv} (You found it on level 4 of the Lair of Beasts)
 22802 | Lair:5   | Found a bloodstained altar of Trog.
 22889 | Lair:5   | Reached skill level 11 in Armour
 23225 | Lair:5   | Found a viscous altar of Jiyva.
 23225 | Lair:5   | Found a staircase to the Slime Pits.
 23575 | Lair:5   | Found a viscous altar of Jiyva.
 23576 | Lair:5   | Found a staircase to the Slime Pits.
 23693 | Lair:6   | Entered Level 6 of the Lair of Beasts
 23812 | Lair:6   | Reached XP level 14. HP: 133/133 MP: 22/22
 24067 | Lair:6   | Reached skill level 15 in Long Blades
 24444 | Lair:6   | Identified the +6 dire flail of the Viper {drain, rN+ Dex+3} (You found it on level 6 of the Lair of Beasts)
 24694 | Lair:6   | Reached skill level 12 in Armour
 24734 | Lair:6   | Reached skill level 15 in Fighting
 25631 | Lair:6   | HP: 6/135 [guardian serpent (8)]
 26521 | Lair:6   | Reached skill level 13 in Armour
 27559 | Lair:6   | Got an ancient lapis lazuli ring
 27562 | Lair:6   | Identified the ring of Xom's Best Wishes {+Blink EV+5 Str-4 Dex+4 SInv} (You found it on level 6 of the Lair of Beasts)
 28107 | D:12     | Reached XP level 15. HP: 144/144 MP: 23/23
 28171 | D:12     | Noticed Rupert
 28171 | D:12     | Paralysed by Rupert for 4 turns
 28229 | Orc:1    | Entered Level 1 of the Orcish Mines
 28618 | Orc:2    | Entered Level 2 of the Orcish Mines
 28671 | Orc:2    | Found a staircase to the Elven Halls.
 28879 | Orc:2    | Found Ecel Lyu's Distillery.
 28881 | Orc:2    | Paralysed by an ogre mage for 4 turns
 30323 | Orc:2    | Found Giqiekleaju's Antique Weapon Boutique.
 30375 | Orc:2    | Found a radiant altar of Vehumet.
 30383 | Orc:2    | Corrupted Orc:2
 30637 | Orc:2    | Found Sead Woil's Gadget Boutique.
 30652 | Orc:2    | Found Womusargh's Book Shop.
 30655 | Orc:2    | Found an ancient bone altar of Kikubaaqudgha.
 30688 | Orc:2    | Found a roughly hewn altar of Beogh.
 30814 | Orc:2    | Bought a potion of heal wounds for 65 gold pieces
 30814 | Orc:2    | Bought a potion of heal wounds for 65 gold pieces
 30814 | Orc:2    | Bought a potion of haste for 130 gold pieces
 30814 | Orc:2    | Bought a potion of haste for 130 gold pieces
 30992 | D:12     | Killed Rupert
 31394 | D:12     | Noticed Maurice
 31462 | D:12     | Killed Maurice
 31470 | D:12     | Reached skill level 14 in Armour
 31484 | D:12     | Killed Joseph
 31548 | D:12     | Banished Harold
 31876 | D:12     | Noticed Gastronok
 31905 | D:13     | Noticed a tengu reaver
 31908 | D:13     | Noticed a fire giant
 31923 | D:13     | Noticed Nessos
 32154 | D:12     | Killed Gastronok
 32597 | D:13     | Killed a tengu reaver
 32790 | D:13     | Killed Nessos
 33599 | D:13     | Noticed an orc warlord
 33837 | D:13     | Killed an orc warlord
 34307 | D:14     | Found a portal to a secret trove of treasure.
 34834 | D:14     | Found a gate to the Vaults.
 35184 | D:14     | Reached skill level 15 in Armour
 35414 | D:15     | Entered Level 15 of the Dungeon
 35767 | D:15     | Reached XP level 16. HP: 155/155 MP: 24/24
 36336 | D:15     | Found a staircase to the Depths.
 36746 | Snake:1  | Entered Level 1 of the Snake Pit
 37477 | Snake:1  | Noticed Aizul
 37495 | Snake:1  | Killed Aizul
 37768 | Snake:1  | Noticed Kirke
 38141 | Snake:1  | Noticed Josephine
 38155 | Snake:1  | Killed Josephine
 38972 | Snake:1  | Killed Kirke
 40162 | Snake:3  | Reached skill level 16 in Armour
 40848 | Snake:3  | Found Nulid's Assorted Antiques.
 40850 | Snake:3  | Bought a potion of heal wounds for 130 gold pieces
 41116 | Snake:4  | Entered Level 4 of the Snake Pit
 41478 | Snake:4  | Identified the +0 chain mail "Kilaty" {rElec Str-5 Int+6} (You found it on level 4 of the Snake Pit)
 41661 | Snake:4  | Reached XP level 17. HP: 166/166 MP: 25/25
 41999 | Snake:4  | Reached skill level 10 in Dodging
 42726 | Snake:4  | Corrupted Snake:4
 43507 | Snake:4  | Got a serpentine rune of Zot
 43736 | Shoals:1 | Entered Level 1 of the Shoals
 45702 | Shoals:1 | Reached skill level 1 in Bows
 45741 | Shoals:1 | Found a hide-covered altar of Uskayaw.
 46111 | Shoals:1 | Identified the +5 fustibalus of the Endless March {freeze, *Slow rPois MR+} (You found it on level 1 of the Shoals)
 46195 | Shoals:2 | Noticed Polyphemus
 46603 | Shoals:2 | Found Sosur's Armour Boutique.
 46875 | Shoals:2 | Killed Polyphemus
 47096 | Shoals:2 | Noticed Donald
 47114 | Shoals:2 | Killed Donald
 47114 | Shoals:2 | Reached skill level 5 in Bows
 47765 | Shoals:3 | Noticed Nikola
 48047 | Vaults:1 | Entered Level 1 of the Vaults
 48357 | Shoals:2 | Killed Nikola
 48893 | Shoals:3 | Identified a scroll of acquirement
 48929 | Shoals:3 | Noticed Bai Suzhen
 49445 | Vaults:1 | Reached XP level 18. HP: 153/176 MP: 26/26
 49806 | Abyss:1  | Noticed a bone dragon
 50337 | Abyss:1  | Found a corrupted altar of Lugonu.
 50439 | Abyss:1  | Found a hide-covered altar of Uskayaw.
 50487 | Abyss:1  | Reached skill level 17 in Armour
 50528 | Vaults:1 | Escaped the Abyss
 50694 | Vaults:1 | Paralysed by an ogre mage for 2 turns
 51759 | Vaults:2 | Reached skill level 10 in Bows
 52934 | Vaults:2 | Paralysed by a great orb of eyes for 2 turns
 53807 | Vaults:2 | Reached XP level 19. HP: 131/182 MP: 27/27
 54031 | Vaults:2 | Reached skill level 18 in Armour
 54120 | Vaults:2 | Noticed Frederick
 54504 | Elf:1    | Entered Level 1 of the Elven Halls
 54504 | Elf:1    | Found Boyshreadip's Gadget Shoppe.
 55011 | Elf:1    | Identified the Tome of Attacks
 55013 | Elf:1    | Cast into level 2 of the Abyss (a deep elf sorcerer)
 55079 | Elf:1    | Escaped the Abyss
 55240 | Elf:1    | Noticed Frances
 55255 | Elf:1    | Killed Frances
 55614 | Snake:3  | Bought a scroll of acquirement for 1352 gold pieces
 56706 | Elf:2    | Found Gaqoo's Armour Shoppe.
 56768 | Elf:2    | Found a huge runed gate.
 56768 | Elf:2    | Found a huge runed gate.
 56768 | Elf:2    | Found a huge runed gate.
 56770 | Elf:2    | Found a huge runed gate.
 56771 | Elf:2    | Found a huge runed gate.
 57768 | Elf:2    | Noticed Louise
 57948 | Elf:2    | Killed Louise
 58203 | Elf:3    | Entered Level 3 of the Elven Halls
 59048 | Elf:3    | Corrupted Elf:3
 59589 | Elf:3    | Identified the cursed +1 great mace "Juicax" {distort, rPois SInv Stlth+} (You took it off a deep elf demonologist on level 3 of the Elven Halls)
 59614 | Elf:3    | Found the +5 scythe "Finisher" {speed, Str+3}
 59646 | Elf:3    | Got a coiled platinum ring
 59647 | Elf:3    | Identified the ring "Miafinliso" {rPois MP+9 Dex+4 Stlth-} (You found it on level 3 of the Elven Halls)
 59739 | Elf:3    | Identified Buudic's Compendium of Dusty Execration
 59754 | Elf:3    | Identified the Collected Works on Transmutation
 59788 | Elf:3    | Identified the +3 great sword "Sothrosa" {elec, rF+ Dex+7} (You found it on level 3 of the Elven Halls)
 60504 | Shoals:3 | Noticed Roxanne
 60530 | Shoals:3 | Killed Roxanne
 60531 | Shoals:3 | Identified Roxanne's Almanac of Transmigration (You took it off Roxanne on level 3 of the Shoals)
 60983 | Shoals:3 | Killed Bai Suzhen
 61058 | Shoals:4 | Entered Level 4 of the Shoals
 61356 | Shoals:4 | Reached skill level 19 in Armour
 61371 | Shoals:4 | Reached XP level 20. HP: 179/191 MP: 28/28
 61677 | Shoals:4 | Got a barnacled rune of Zot
 61822 | Shoals:4 | Got a pitted wooden ring
 61875 | Shoals:4 | Reached skill level 15 in Bows
 62043 | Shoals:4 | Reached skill level 15 in Dodging
 62052 | Shoals:4 | Noticed Ilsuiw
 62514 | Abyss:1  | Killed Harold
 62567 | Abyss:1  | Noticed a bone dragon
 62889 | Shoals:4 | Escaped the Abyss
 63332 | Shoals:4 | Identified the ring of Cehogido {rC+ Int+7 Dex-2 Stlth-} (You found it on level 4 of the Shoals)
 63631 | Shoals:4 | Killed Ilsuiw
 64676 | Vaults:2 | Found a staircase to the Crypt.
 64883 | Vaults:2 | Found a staircase to the Crypt.
 65551 | Crypt:1  | Entered Level 1 of the Crypt
 65604 | Vaults:3 | Noticed Sojobo
 65625 | Vaults:2 | Killed Sojobo
 66003 | Vaults:3 | Killed Frederick
 66155 | Vaults:3 | Paralysed by a hornet for 1 turns
 66167 | Vaults:3 | Noticed Margery
 66314 | Vaults:3 | Killed Margery
 66440 | Vaults:2 | Reached skill level 20 in Armour
 66537 | Vaults:3 | Noticed Xtahua
 66555 | Vaults:2 | Reached XP level 21. HP: 197/198 MP: 29/29
 66601 | Vaults:3 | Found Verphod's Gadget Shop.
 66643 | Vaults:3 | Killed Xtahua
 67975 | Vaults:3 | Noticed Mennas
 68202 | Depths:1 | Entered Level 1 of the Depths
 68473 | Depths:1 | Found a gateway to Hell.
 68965 | Depths:1 | Found the +8 Wrath of Trog {antimagic, *Rage}
 69720 | Shoals:3 | Learned a level 6 spell: Statue Form
 70067 | Depths:2 | Found a flickering gateway to a bazaar.
 70067 | Depths:2 | Noticed Zeloya's ghost (adept CeHu)
 70076 | Bazaar   | Entered a bazaar
 70101 | Bazaar   | Found Eretzih's Magic Scroll Boutique.
 70106 | Bazaar   | Bought a scroll of teleportation for 30 gold pieces
 70106 | Bazaar   | Bought a scroll of blinking for 75 gold pieces
 70106 | Bazaar   | Bought a scroll of enchant armour for 75 gold pieces
 70106 | Bazaar   | Bought a scroll of fog for 20 gold pieces
 70106 | Bazaar   | Bought a scroll of magic mapping for 35 gold pieces
 70117 | Bazaar   | Found Carurphuh's Gadget Emporium.
 70169 | Bazaar   | Found Itrot's Armour Boutique.
 70193 | Bazaar   | Found Miorux's Gadget Shoppe.
 70266 | Bazaar   | Found Piposh's General Store.
 70271 | Bazaar   | Bought an uncursed staff of energy for 350 gold pieces
 70418 | Depths:2 | Killed Zeloya's ghost
 70547 | Depths:2 | Got a fine amber ring
 70797 | Depths:2 | Noticed a juggernaut
 70870 | Depths:2 | Killed a juggernaut
 71072 | Depths:2 | Reached XP level 22. HP: 191/205 MP: 30/30
 71077 | Depths:2 | Reached skill level 21 in Armour
 71163 | Depths:2 | Identified the ring "Olibit" {*Slow rN+++ MP+9 Dex+2 Stlth+} (You took it off a frost giant on level 2 of the Depths)
 71248 | Depths:2 | Noticed Asterion
 71265 | Depths:2 | Killed Asterion
 71381 | Depths:2 | Found a one-way gate leading to the halls of Pandemonium.
 71568 | Depths:2 | Found a corrupted altar of Lugonu.
 71569 | Depths:2 | Found a one-way gate to the infinite horrors of the Abyss.
 71608 | Depths:2 | Found a gateway to a ziggurat.
 71636 | Depths:2 | Noticed Saint Roka
 71666 | Depths:2 | Killed Saint Roka
 72079 | Depths:3 | Identified the +10 shortbow of Irritation {venom, -Tele rN+ MR+} (You found it on level 3 of the Depths)
 72150 | Depths:3 | Noticed Jory
 72858 | Abyss:3  | Found a corrupted altar of Lugonu.
 73014 | Depths:3 | Escaped the Abyss
 73182 | Depths:3 | Noticed Jorgrun
 73193 | Depths:3 | Killed Jorgrun
 74119 | Depths:3 | Paralysed by a floating eye for 4 turns
 74150 | Depths:3 | Learned a level 1 spell: Apportation
 74152 | Depths:3 | Learned a level 1 spell: Summon Butterflies
 74166 | Depths:3 | Found a runed door.
 74169 | Depths:3 | Noticed a caustic shrike
 74179 | Depths:3 | Banished a caustic shrike
 74245 | Depths:3 | Found a runed door.
 75823 | Depths:4 | Paralysed by a vampire knight for 3 turns
 76057 | Depths:4 | Reached skill level 22 in Armour
 76076 | Depths:4 | Noticed an ancient lich
 76119 | Depths:3 | Killed an ancient lich
 76236 | Depths:4 | Paralysed by a great orb of eyes for 2 turns
 76368 | Depths:4 | Found the +2 pair of boots of the Assassin {Detection Stab+ Stlth++}
 76389 | Depths:4 | Identified a +8 triple sword of distortion (a +6 triple sword of protection corrupted by Lugonu)
 76389 | Depths:4 | Received a gift from Lugonu
 76512 | Depths:4 | Paralysed by a great orb of eyes for 6 turns
 76564 | Depths:4 | Reached XP level 23. HP: 120/213 MP: 22/31
 76576 | Depths:4 | Identified the Incunabulum of Unholy Secrets
 76851 | Depths:4 | Noticed a caustic shrike
 76851 | Depths:4 | Noticed a caustic shrike
 76853 | Depths:4 | Noticed a caustic shrike
 76853 | Depths:4 | Noticed a caustic shrike
 76857 | Depths:4 | Banished a caustic shrike
 76865 | Depths:4 | Killed a caustic shrike
 76874 | Depths:4 | Banished a caustic shrike
 77047 | Depths:4 | Noticed a juggernaut
 77584 | Depths:4 | Noticed a juggernaut
 77723 | Abyss:1  | Noticed an ancient lich
 77778 | Abyss:1  | Paralysed by an ancient lich for 4 turns
 77791 | Abyss:1  | Paralysed by an ancient lich for 2 turns
 77793 | Abyss:1  | Killed an ancient lich
 77984 | Abyss:1  | Gained mutation: You are clumsy. (Dex -2) [a neqoxec]
 78479 | Abyss:2  | Paralysed by accursed screaming for 1 turns
 78756 | Abyss:3  | Found a corrupted altar of Lugonu.
 78977 | Abyss:3  | Reached skill level 23 in Armour
 79074 | Abyss:3  | Gained mutation: You are resistant to hostile enchantments. (MR+) [a neqoxec]
 79452 | Abyss:3  | Gained mutation: Your spells are a little easier to cast, but a little less powerful. [a neqoxec]
 79666 | Depths:4 | Escaped the Abyss
 79680 | Depths:4 | HP: 9/218 [brown very ugly thing (9)]
 79680 | Depths:4 | Splashed by a brown very ugly thing's acid

Skill      XL: |  1  2  3  4  5  6  7  8  9 10 11 12 13 14 15 16 17 18 19 20 21 22 23 |
---------------+----------------------------------------------------------------------+-----
Invocations    | 2 3 4 5 6 7 9 11 12 | 12.2
Long Blades    | 3 4 5 6 7 9 10 12 14 16 18 19 20 | 20.1
Fighting       | 4 5 6 7 8 9 11 13 14 16 17 18 19 20 | 20.8
Armour         | 3 4 5 6 8 9 10 11 13 15 16 17 19 20 22 23 | 23.3
Dodging        | 4 8 9 12 13 14 16 17 18 20 | 20.0
Bows           | 7 11 14 17 19 20 | 20.0

Action                   |  1- 3 |  4- 6 |  7- 9 | 10-12 | 13-15 | 16-18 | 19-21 | 22-24 || total
-------------------------+-------+-------+-------+-------+-------+-------+-------+-------++-------
Melee: Falchion          |    81 |   163 |   379 |   160 |       |       |       |       ||   783
       Headbutt          |     7 |    25 |    78 |   258 |   620 |   489 |   608 |   479 ||  2564
       Long sword        |       |       |       |  1032 |  1831 |       |       |       ||  2863
       Great sword       |       |       |       |       |   235 |  1666 |  1533 |   594 ||  4028
       Double sword      |       |       |       |       |   172 |       |       |       ||   172
       Unarmed           |       |       |       |       |       |     1 |       |       ||     1
       Triple sword      |       |       |       |       |       |       |       |   817 ||   817
 Fire: Longbow           |       |       |       |       |       |     7 |   288 |    58 ||   353
       Shortbow          |       |       |       |       |       |       |       |     9 ||     9
Throw: Stone             |       |       |       |     1 |     1 |     1 |       |       ||     3
       Throwing net      |       |       |       |       |       |       |     8 |       ||     8
Invok: Depart the Abyss  |     1 |       |       |       |       |     1 |     1 |     1 ||     4
       Banish            |       |       |       |     2 |    25 |    17 |     7 |     5 ||    56
       Corrupt           |       |       |       |       |     1 |     1 |     1 |       ||     3
       Enter the Abyss   |       |       |       |       |       |     1 |     1 |     2 ||     4
       Brand Weapon With |       |       |       |       |       |       |       |     1 ||     1
Evoke: Wand              |       |       |       |     3 |    15 |     1 |       |       ||    19
       Phantom mirror    |       |       |       |       |       |       |     1 |       ||     1
  Use: Scroll            |     2 |    10 |     6 |    13 |    11 |    13 |    16 |    30 ||   101
       Potion            |       |       |     3 |     3 |     8 |     3 |     4 |     8 ||    29
 Stab: Distracted        |       |       |       |       |       |     1 |     2 |       ||     3
       Held in net/web   |       |       |       |       |       |       |     6 |       ||     6
  Eat: Chunk             |     3 |    12 |    15 |    29 |    51 |    27 |    26 |    12 ||   175
       Ration            |       |       |       |     3 |     4 |    12 |    12 |     6 ||    37
Armor: Leather armour    |     1 |       |       |       |       |       |       |       ||     1
       Ring mail         |    26 |    51 |       |       |       |       |       |       ||    77
       Chain mail        |       |     7 |   265 |   131 |       |     2 |       |       ||   405
       Plate armour      |       |       |       |   609 |  1202 |   719 |   112 |       ||  2642
       Skin              |       |       |       |    20 |       |       |       |       ||    20
       Crystal plate arm |       |       |       |       |       |       |    46 |       ||    46
       Storm dragon scal |       |       |       |       |       |       |   341 |   569 ||   910
Dodge: Dodged            |    49 |    93 |   164 |   409 |  1160 |  1051 |  1550 |  1509 ||  5985
       Rpst.: Falchion   |     8 |    25 |    33 |    11 |       |       |       |       ||    77
       Long sword        |       |       |       |    87 |   256 |       |       |       ||   343
       Great sword       |       |       |       |       |    44 |   241 |   317 |   101 ||   703
       Double sword      |       |       |       |       |    32 |       |       |       ||    32
       Triple sword      |       |       |       |       |       |       |       |   201 ||   201
